 Dungeon Crawl Stone Soup version 0.20.0-14-g326068f (webtiles) character file.

573 grindst0ne the Skirmisher (level 7, -3/47 HPs)
             Began as a Gargoyle Berserker on June 8, 2017.
             Was a Believer of Trog.
             Slain by an ogre
             ... wielding a +0 giant club
              (12 damage)
             ... on level 4 of the Dungeon.
             The game lasted 00:03:24 (2765 turns).

grindst0ne the Skirmisher (Gargoyle Berserker)      Turns: 2765, Time: 00:03:24

Health: -3/47      AC: 12    Str: 21    XL:     7   Next: 34%
Magic:  7/7        EV: 10    Int:  7    God:    Trog [**....]
Gold:   229        SH:  0    Dex: 11    Spells: 6/6 levels left

rFire    . . .     SeeInvis .   a - +0 hand axe
rCold    . . .     Gourm    .   (no shield)
rNeg     + . .     Faith    .   k - +0 scale mail
rPois    ∞         Spirit   .   (no helmet)
rElec    +         Reflect  .   (no cloak)
rCorr    .         Harm     .   f - +0 pair of gloves
MR       .....                  (no boots)
Stlth    ..........             (no amulet)
Regen    0.2/turn               (no ring)
MPRegen  0.1/turn               (no ring)

@: berserk cooldown, slowed, very slow
A: negative energy resistance 1, electricity resistance, unbreathing,
petrification resistance, rot immunity, AC +4
a: Berserk, Trog's Hand, Burn Spellbooks, Renounce Religion


You were on level 4 of the Dungeon.
You worshipped Trog.
Trog was pleased with you.
You were very hungry.

You visited 1 branch of the dungeon, and saw 4 of its levels.

You collected 229 gold pieces.

Inventory:

Hand Weapons
 a - a +0 hand axe (weapon)
Armour
 b - a +0 animal skin
 f - a +0 pair of gloves (worn)
 k - a +0 scale mail (worn)
Scrolls
 d - 2 scrolls of remove curse {unknown}
 e - 2 scrolls of fear {unknown}
 g - a scroll of enchant weapon {unknown}
 i - 3 scrolls of identify {unknown}
 n - a scroll of immolation {unknown}
 o - 2 scrolls of teleportation {unknown}
 p - a scroll of noise {unknown}
 q - a scroll of blinking {unknown}
 r - 3 scrolls of amnesia {unknown}
Potions
 h - 2 potions of curing {unknown}
 l - 2 potions of brilliance {unknown}
 m - a potion of heal wounds {unknown}
Books
 s - a book of Conjurations

   Spells                             Type                      Level
   a - Magic Dart                     Conjuration                  1
   b - Searing Ray                    Conjuration                  2
   c - Dazzling Spray                 Conjuration/Hexes            3
   d - Fulminant Prism                Conjuration/Hexes            4
   e - Force Lance                    Conjuration/Translocation    4
   f - Iskenderun's Mystic Blast      Conjuration                  4
   Trog disapproves of the use of such an item.
Comestibles
 c - 3 bread rations
 j - a royal jelly


   Skills:
 + Level 6.7 Fighting
 + Level 5.7 Axes
 - Level 2.1 Armour
 - Level 1.5 Dodging


You had 6 spell levels left.
You didn't know any spells.

Dungeon Overview and Level Annotations

Branches:
Dungeon (4/15)
 Temple: D:4-7

Altars:
Cheibriados


Innate Abilities, Weirdness & Mutations

You are resistant to torment.
Your stone body is resilient. (AC +4)
You are immune to poison.
You resist negative energy. (rN+)
You are resistant to electric shocks. (rElec)
You can survive without breathing.
You are immune to petrification.
You are immune to rotting.


Message History

An ogre is nearby!
An ogre is nearby!
An orc comes into view. It is wielding a dagger.
The orc moves out of view.
Found 15 gold pieces.
You see here 9 gold pieces.
You now have 229 gold pieces (gained 9).
You hit the ogre.
The ogre is lightly wounded.
The ogre hits you with a giant club!
You hit the ogre.
The ogre is moderately wounded.
The ogre closely misses you.
You hit the ogre but do no damage.
The ogre is moderately wounded.
You hit the orc. The ogre hits you with a giant club!!
Ouch! That really hurt!
* * * LOW HITPOINT WARNING * * *
The orc hits you but does no damage. x2; The ogre hits you with a giant club!
You die...

.$..........#
...........#
..........#
.........#
.......#
##......#
##..O..#
##..o@..##
##...<....#
#.........##
#..#.......#
... ##......#
.. ##.....# .
#.....#
##....#
#...##


You could see an ogre and an orc.

Vanquished Creatures
  Grinder (D:4)
  An ogre (D:4)
  A crimson imp (D:3)
  2 orc priests (D:3)
  2 worker ants (D:4)
  A hound zombie (D:3)
  4 adders
  3 gnolls (D:3)
  An adder skeleton (D:2)
  2 worms (D:3)
  3 leopard geckos
  7 orcs (D:3)
  A ball python (D:1)
  A bat skeleton (D:2)
  2 bat zombies (D:2)
  3 goblins
  3 hobgoblins
  7 jackals
  6 kobolds
  A quokka (D:3)
  A ball python zombie (D:2)
  3 bats
  5 frilled lizards
  A giant cockroach zombie (D:2)
  A leopard gecko skeleton (D:2)
63 creatures vanquished.

Vanquished Creatures (others)
  5 toadstools (D:1)
5 creatures vanquished.

Grand Total: 68 creatures vanquished

Notes
Turn   | Place    | Note
-------+----------+-------------------------------------------
     0 | D:1      | grindst0ne the Gargoyle Berserker began the quest for the Orb.
     0 | D:1      | Reached XP level 1. HP: 14/14 MP: 1/1
   123 | D:1      | Reached XP level 2. HP: 16/19 MP: 2/2
   849 | D:2      | Reached XP level 3. HP: 24/24 MP: 3/3
   859 | D:2      | Reached skill level 4 in Fighting
   991 | D:2      | Reached ** piety under Trog
  1297 | D:3      | Reached XP level 4. HP: 30/30 MP: 4/4
  1379 | D:3      | Reached XP level 5. HP: 28/34 MP: 5/5
  1702 | D:3      | Reached skill level 5 in Fighting
  2426 | D:3      | Reached XP level 6. HP: 39/40 MP: 6/6
  2541 | D:4      | Noticed Grinder
  2552 | D:4      | Killed Grinder
  2552 | D:4      | Reached skill level 6 in Fighting
  2552 | D:4      | Reached skill level 5 in Axes
  2552 | D:4      | Reached XP level 7. HP: 46/46 MP: 7/7
  2646 | D:4      | Found a snail-covered altar of Cheibriados.
  2765 | D:4      | Slain by an ogre

Skill      XL: |  1  2  3  4  5  6 |
---------------+-------------------+-----
Axes           | 3 4 5 |  5.7
Fighting       | 4 5 6 |  6.7
Armour         | |  2.1
Dodging        | |  1.5

Action                   |  1- 3 |  4- 6 |  7- 9 || total
-------------------------+-------+-------+-------++-------
Melee: Hand axe          |    89 |    86 |    21 ||   196
Invok: Berserk           |     2 |     3 |     1 ||     6
  Eat: Chunk             |     1 |     8 |     1 ||    10
Armor: Animal skin       |    28 |       |       ||    28
       Scale mail        |    32 |    31 |     8 ||    71
Dodge: Dodged            |    96 |    47 |     9 ||   152
